 Dungeon Crawl Stone Soup version 0.23.2-30-g0e89c35649 (webtiles) character file.

Game seed: 13215270656474732710

780 Kahibar the Conjurer (level 7, -2/53 HPs)
             Began as a White Draconian Conjurer on June 21, 2019.
             Slain by Duvessa
             ... wielding a +6 short sword of venom
              (12 damage)
             ... on level 4 of the Dungeon.
             The game lasted 00:52:47 (6220 turns).

Kahibar the Conjurer (White Draconian Conjurer)     Turns: 6220, Time: 00:52:48

Health: -2/53      AC:  7    Str: 11    XL:     7   Next: 55%
Magic:  9/12       EV: 13    Int: 17    God:
Gold:   197        SH:  0    Dex: 11    Spells: 7/13 levels left

rFire    . . .     SeeInvis .   y - +6 trident (freeze)
rCold    + . .     Gourm    .   (no shield)
rNeg     . . .     Faith    .   (armour unavailable)
rPois    +         Spirit   .   (helmet restricted)
rElec    .         Reflect  .   l - +0 cloak {rPois}
rCorr    .         Harm     .   (no gloves)
MR       .....                  (no boots)
Stlth    ++........             (no amulet)
HPRegen  0.17/turn              (no ring)
MPRegen  0.13/turn              (no ring)

@: no status effects
A: breathe frost, unfitting armour, cold resistance 1, cold-blooded, AC +6
a: Breathe Frost


You were on level 4 of the Dungeon.
You were not hungry.

You visited 1 branch of the dungeon, and saw 6 of its levels.

You collected 197 gold pieces.

Inventory:

Hand Weapons
 c - a cursed -2 club
 e - a +2 quarterstaff of chaos
 m - a +0 club
 v - a +0 short sword of speed
 y - a +6 trident of freezing (weapon)
Missiles
 a - 109 arrows
 f - 64 stones (quivered)
 o - 89 bolts
 p - 36 poisoned needles
 t - 4 javelins
 u - 17 sling bullets
Armour
 d - a +0 buckler
 l - a +0 cloak of poison resistance (worn)
Magical Staves
 w - an uncursed staff of cold
Scrolls
 j - 2 scrolls of magic mapping
 n - 2 scrolls of random uselessness
 s - 4 scrolls of teleportation
Potions
 g - a potion of might
 h - 2 potions of curing
 i - a potion of lignification
 k - a potion of agility {unknown}
 q - a potion of magic {unknown}
 r - a potion of flight {unknown}
 x - a potion of haste {unknown}
 z - a potion of degeneration {unknown}
Comestibles
 b - 4 rations
 A - 4 chunks of flesh


   Skills:
 + Level 1.8 Fighting
 + Level 2.8 Polearms
 + Level 4.0 Dodging
 * Level 2.9 Stealth
 + Level 0.5 Unarmed Combat
 * Level 3.5 Spellcasting
 * Level 6.2 Conjurations
 * Level 0.2 Hexes


You had 7 spell levels left.
You knew the following spells:

 Your Spells              Type           Power        Failure   Level  Hunger
a - Magic Dart            Conj           ###.         1%          1    None
b - Searing Ray           Conj           ###...       1%          2    ##.....
c - Dazzling Spray        Conj/Hex       ##....       13%         3    ###....

Your spell library contained the following spells:

 Spells                   Type           Power        Failure   Level  Hunger
 Iskenderun's Mystic Bla  Conj           ###.....     13%         4    ####...
 Fulminant Prism          Conj/Hex       ##........   41%         4    ####...
 Force Lance              Conj/Tloc      ##......     43%         4    ####...


Dungeon Overview and Level Annotations

Branches:
Dungeon (6/15)
 Temple: D:4-7

Altars:
Ashenzari

Annotations:
D:4 Duvessa
D:5 Eustachio


Innate Abilities, Weirdness & Mutations

You can breathe waves of freezing cold.
You can buffet flying creatures when you breathe cold.
Your icy white scales are hard. (AC +6)
You cannot fit into any form of body armour.
Your flesh is cold resistant. (rC+)
You are cold-blooded and may be slowed by cold attacks.


Message History

Aiming: Magic Dart (safe; 1% risk of failure)
Press: ? - help, Shift-Dir - straight line, f/p - Duvessa
Aim: Duvessa, wielding a +6 short sword of venom, wearing a +0 leather armour and carrying a wand of polymorph (7) (lightly wounded, berserk, fast, unusually strong)
The magic dart hits Duvessa.
Duvessa is moderately wounded.
Duvessa hits you with a +6 short sword of venom!
You puncture Duvessa! You freeze Duvessa.
Duvessa is moderately wounded.
Duvessa hits you with a +6 short sword of venom!
You puncture Duvessa! You freeze Duvessa.
Duvessa is heavily wounded.
Duvessa barely misses you.
Duvessa hits you with a +6 short sword of venom!
* * * LOW HITPOINT WARNING * * *
You closely miss Duvessa.
You tail-slap Duvessa, but do no damage.
Duvessa is heavily wounded.
Duvessa barely misses you.
Duvessa hits you with a +6 short sword of venom!
You die...

# #.........# #
#.........# #
##.........# #
##.......<..# #
##...........# ##
##..##.......## .#
###..###.......# .#
##...###..#.e...# .#
##..###...#..@)..#
.###.......###.#.####
.........####..#.##
.....###.# ##.....#
....## #.###....).#
..### #...#.#....#
.## ###........# .#
###......# .#
####.<....#


You could see Duvessa (berserk).

Vanquished Creatures
  Purgy (D:4)
  An ogre (D:3)
  A centaur (D:6)
  Dowan (D:4)
  A scorpion (D:4)
  A howler monkey (D:4)
  A crimson imp (D:4)
  Crazy Yiuf (D:4)
  A hound (D:4)
  3 orc wizards
  An iguana (D:2)
  A worker ant (D:4)
  3 gnolls
  5 adders
  An ooze (D:1)
  3 worms
  A dart slug (D:1)
  5 leopard geckos
  6 orcs (D:3)
  5 giant cockroaches
  5 goblins
  6 hobgoblins
  8 jackals
  A quokka (D:1)
  2 ball pythons
  6 bats
  3 frilled lizards
  7 kobolds
  7 rats
88 creatures vanquished.

Notes
Turn   | Place    | Note
-------+----------+-------------------------------------------
     0 | D:1      | Kahibar the Draconian Conjurer began the quest for the Orb.
     0 | D:1      | Reached XP level 1. HP: 14/14 MP: 3/3
   281 | D:1      | Reached XP level 2. HP: 20/20 MP: 1/5
   907 | D:1      | Reached XP level 3. HP: 26/26 MP: 2/6
  1971 | D:2      | Reached skill level 5 in Conjurations
  2074 | D:2      | You fall through a shaft!
  2416 | D:2      | Learned a level 2 spell: Searing Ray
  2419 | D:2      | Reached XP level 4. HP: 33/33 MP: 2/7
  3970 | D:4      | Noticed an ogre
  4028 | D:3      | Reached XP level 5. HP: 33/38 MP: 4/8
  4185 | D:3      | Killed an ogre
  4185 | D:3      | Reached skill level 1 in Fighting
  4427 | D:4      | Reached XP level 6. HP: 43/47 MP: 5/10
  4431 | D:4      | Noticed Purgy
  4552 | D:4      | Found a shattered altar of Ashenzari.
  4552 | D:4      | Noticed Duvessa
  4552 | D:4      | Noticed Dowan
  4645 | D:3      | Learned a level 3 spell: Dazzling Spray
  4673 | D:3      | Reached skill level 1 in Polearms
  4893 | D:4      | Reached skill level 6 in Conjurations
  4902 | D:4      | You fall through a shaft for 2 floors!
  4925 | D:6      | Your scales start taking on an icy white colour.
  4925 | D:6      | Reached XP level 7. HP: 15/52 MP: 5/11
  4925 | D:6      | Gained mutation: Your flesh is cold resistant. (rC+) [White
                  | Draconian growth]
  4952 | D:5      | Entered Level 5 of the Dungeon
  5150 | D:5      | Noticed Eustachio
  5529 | D:4      | Killed Purgy
  5717 | D:4      | Found a runed translucent door.
  5718 | D:4      | Noticed Crazy Yiuf
  5725 | D:4      | Killed Crazy Yiuf
  6196 | D:4      | Killed Dowan
  6220 | D:4      | Slain by Duvessa

Skill      XL: |  1  2  3  4  5  6  7 |
---------------+----------------------+-----
Dodging        | 2 3 4 |  4.0
Conjurations   | 5 6 |  6.2
Stealth        | 2 |  2.9
Fighting       | 1 |  1.8
Polearms       | 1 2 |  2.8
Spellcasting   | 3 |  3.5
Unarmed Combat | |  0.5
Hexes          | |  0.2

Action                   |  1- 3 |  4- 6 |  7- 9 || total
-------------------------+-------+-------+-------++-------
Melee: Unarmed           |    22 |       |       ||    22
       Tailslap          |     2 |     6 |     4 ||    12
       Club              |    23 |     2 |       ||    25
       Trident           |       |    48 |    35 ||    83
 Cast: Magic Dart        |    86 |    78 |    17 ||   181
       Searing Ray       |     1 |       |       ||     1
  Use: Potion            |     3 |       |     1 ||     4
       Scroll            |       |     9 |     2 ||    11
  Eat: Chunk             |     6 |     8 |     3 ||    17
       Ration            |       |       |     1 ||     1
Armor: Skin              |    53 |    22 |    11 ||    86
Dodge: Dodged            |    42 |    53 |    27 ||   122
